 Dungeon Crawl Stone Soup version 0.29.1-12-g30fa7ad0bf (webtiles) character file.

Game seed: 8186656097161571825

70 Radix the Trooper (level 4, -3/41 HPs)
             Began as a Minotaur Berserker on Jan 12, 2023.
             Was a Believer of Trog.
             Slain by a worm (8 damage)
             ... on level 2 of the Dungeon on Jan 13, 2023.
             The game lasted 00:04:18 (905 turns).

Radix the Trooper (Minotaur Berserker)               Turns: 905, Time: 00:04:19

Health: -3/41      AC:  8    Str: 24    XL:     4   Next: 4%
Magic:  3/3        EV:  8    Int:  4    God:    Trog [**....]
Gold:   36         SH:  0    Dex:  9    Spells: 3/3 levels left

rFire   . . .      SeeInvis .   a - +0 hand axe
rCold   . . .      Faith    .   (no shield)
rNeg    . . .      Spirit   .   j - +0 chain mail
rPois   .          Reflect  .   (helmet restricted)
rElec   .          Harm     .   (no cloak)
rCorr   .          Rampage  .   (no gloves)
Will    +....                   (no boots)
Stlth   ..........              (no amulet)
HPRegen 0.13/turn               m - ring of willpower
MPRegen 0.08/turn               (no ring)

@: no status effects
A: horns 2, retaliatory headbutt
a: Renounce Religion, Berserk, Trog's Hand


You were on level 2 of the Dungeon.
You worshipped Trog.
Trog was pleased with you.
You visited 1 branch of the dungeon, and saw 2 of its levels.

You collected 36 gold pieces.

Inventory:

Hand Weapons
 a - a +0 hand axe (weapon)
Armour
 j - a +0 chain mail (worn)
Jewellery
 m - a ring of willpower (left hand)
Scrolls
 b - a scroll of summoning {unknown}
 c - a scroll of butterflies {unknown}
 e - 3 scrolls of identify {unknown}
 f - a scroll of enchant armour {unknown}
 i - a scroll of teleportation {unknown}
 k - a scroll of poison {unknown}
Potions
 d - a potion of haste {unknown}
 g - a potion of resistance {unknown}
 h - 3 potions of curing {unknown}
 l - a potion of degeneration {unknown}
 n - a potion of heal wounds {unknown}


   Skills:
 + Level 4.9 Fighting
 + Level 4.9 Axes
 - Level 2.4 Armour
 - Level 2.1 Dodging


You had 3 spell levels left.
You didn't know any spells.
Your spell library was empty.

Dungeon Overview and Level Annotations

Branches:
Dungeon (2/15)

Altars:

Shops:
D:1 =   D:2 *


Innate Abilities, Weirdness & Mutations

You have a pair of horns on your head.
You reflexively headbutt those who attack you in melee.


Message History

* * * LOW HITPOINT WARNING * * *
You closely miss Natasha. You headbutt Natasha.
You kill Natasha!
Trog accepts your kill.
Trog appreciates your killing of a magic user.
Natasha growls in agony!
The shadow imp disappears in a puff of smoke!
You have reached level 4!
You feel stronger.
The giant cockroach bites you but does no damage.
You hit the giant cockroach but do no damage.
The giant cockroach bites you but does no damage.
You hit the giant cockroach but do no damage.
You headbutt the giant cockroach.
You kill the giant cockroach!
Trog accepts your kill.
You can now call upon Trog for regeneration and willpower.
A worm comes into view.
Found a fuming cyan potion.
You see here a giant cockroach corpse.
A worm is nearby!
You barely miss the worm. Your headbutt misses the worm.
The worm bites you but does no damage.
You barely miss the worm. You slash the worm!
The worm is heavily wounded.
The worm bites you.
* * * LOW HITPOINT WARNING * * *
You hit the worm. Your headbutt misses the worm.
The worm is severely wounded.
The worm bites you but does no damage.
You hit the worm.
The worm is severely wounded.
You hit the worm but do no damage.
The worm is severely wounded.
The worm bites you but does no damage.
You hit the worm. You headbutt the worm.
The worm is almost dead.
The worm bites you!
You die...

...####.##........
.#......>.......... .
.....#.............
.. #.#.+......†......
...
#..........)..[...
.#..
#.#.#.....#####+##
.....#...........# .#
.#!#...#.#.#.....#
#.#
......w@.†.......#
#.#
.#.#.#.#.#.#.#...#
#.#.# .............#
#.#.#
####..........###.#.#
PPP..........##.#.#
P.P.............#.#
P.P###########..#.#
..P ##.#.# #...#


You could see a worm.

Vanquished Creatures
  Natasha (twice) (D:2)
  A giant cockroach (D:2)
  3 goblins
  A hobgoblin (D:1)
  2 kobolds
  2 quokkas (D:1)
  4 ball pythons
  2 bats
  2 frilled lizards
  4 rats (D:1)
23 creatures vanquished.

Notes
Turn   | Place    | Note
-------+----------+-------------------------------------------
     0 | D:1      | Radix the Minotaur Berserker began the quest for the Orb.
     0 | D:1      | Reached XP level 1. HP: 19/19 MP: 0/0
    11 | D:1      | Noticed a minotaur skeleton
   282 | D:1      | Reached XP level 2. HP: 27/27 MP: 1/1
   323 | D:1      | Found Geisic's Jewellery Boutique.
   721 | D:2      | Found Eceetys's Assorted Antiques.
   832 | D:2      | Found a faded altar of an unknown god.
   876 | D:2      | Noticed Natasha
   883 | D:2      | Noticed a crimson imp
   885 | D:2      | Killed Natasha
   886 | D:2      | Reached XP level 3. HP: 25/34 MP: 2/2
   886 | D:2      | Noticed Natasha
   892 | D:2      | Killed Natasha
   893 | D:2      | Reached XP level 4. HP: 9/41 MP: 3/3
   895 | D:2      | Reached ** piety under Trog
   905 | D:2      | Slain by a worm

Illustrated notes

Levels and vault maps discovered:
D:1:      shiori_arrival_whats_in_store_for_you, layout_basic, serial_shops,
          nicolae_shop_crystal
D:2:      layout_basic, shapermc_ecumenical_altar_flowoftime, serial_shops,
          shop, hangedman_decor_riveting, nicolae_hexahallways,
          minmay_hedge_maze, uniq_natasha

Skill      XL: |  1 |
---------------+----+-----
Fighting       | 4 |  4.9
Axes           | 4 |  4.9
Armour         | |  2.4
Dodging        | |  2.1

Action                   |  1- 3 |  4- 6 || total
-------------------------+-------+-------++-------
Melee: Hand axe          |    41 |     9 ||    50
       Headbutt          |     7 |     2 ||     9
 Stab: Sleeping          |     1 |       ||     1
Armor: Animal skin       |     3 |       ||     3
       Chain mail        |     9 |     5 ||    14
Dodge: Dodged            |    28 |       ||    28
